 Dungeon Crawl Stone Soup version 0.14-a0-2618-g5301534 (webtiles) character file.

242 Kae the Insei (level 3, 0/28 HPs)
             Began as a Draconian Transmuter on Feb 14, 2014.
             Slain by an ice beast (10 damage)
             ... on Level 3 of the Dungeon.
             The game lasted 00:02:37 (2295 turns).

Kae the Insei (Draconian Transmuter)                Turns: 2295, Time: 00:02:37

HP   0/28        AC  5     Str 12      XL: 3   Next: 94%
MP   5/6         EV 12     Int 13      God:
Gold 177         SH  0     Dex 12      Spells:  3 memorised,  0 levels left

rFire  . . .     SeeInvis .       - Unarmed
rCold  . . .     Clarity  .     (armour unavailable)
rNeg   . . .     Conserve .     (no shield)
rPois  .         rCorr    .     (helmet restricted)
rElec  .         rRot     .     (no cloak)
SustAb . .       Spirit   .     (no gloves)
rMut   .         Warding  .     (boots unavailable)
Saprov . . .     Stasis   .     (no amulet)
MR     .....                    (no ring)
                                (no ring)

@: appendage (expiring), very slightly contaminated, not resistant to hostile
enchantments, unstealthy
A: unfitting armour, talons 3, AC +5
a: End Transformation


You were on level 3 of the Dungeon.
You were hungry.
You had grown temporary talons.
You visited 1 branch of the dungeon, and saw 3 of its levels.

You collected 177 gold pieces.

Inventory:

Missiles
 b - 53 arrows
Magical devices
 l - a wand of magic darts (10)
 q - a wand of digging (11) {unknown}
Comestibles
 a - 3 bread rations
 m - an apple
 r - a rotting chunk of hobgoblin flesh
 s - 2 rotting chunks of goblin flesh
Scrolls
 c - a scroll of blinking {unknown}
 i - 2 scrolls of identify {unknown}
 j - 2 scrolls of magic mapping {unknown}
 k - a scroll of fog {unknown}
 o - a scroll of fear {unknown}
 p - a scroll of enchant weapon II {unknown}
Jewellery
 f - an uncursed ring of see invisible {unknown}
 g - a cursed ring of hunger {unknown}
 h - an uncursed amulet of resist mutation {unknown}
Potions
 e - a potion of paralysis {unknown}
 n - 2 potions of mutation {unknown}
 t - a potion of confusion {unknown}
 u - a potion of heal wounds {unknown}
Books
 d - a book of Changes

   Spells                             Type                      Level
   *Beastly Appendage                 Transmutation                1
   *Sticks to Snakes                  Transmutation                2
   *Spider Form                       Transmutation/Poison         3
   Ice Form                           Ice/Transmutation            4
   Blade Hands                        Transmutation                5


   Skills:
 - Level 1.1 Fighting
 - Level 1.7 Dodging
 * Level 4.3 Unarmed Combat
 - Level 2.0 Spellcasting
 + Level 2.9 Transmutations


You couldn't memorise any spells.
You knew the following spells:

 Your Spells              Type           Power        Failure   Level  Hunger
a - Beastly Appendage     Trmt           #.....       10%         1    ##.....
b - Sticks to Snakes      Trmt           #.........   14%         2    ###....
c - Spider Form           Trmt/Pois      #.........   52%         3    ####...


Dungeon Overview and Level Annotations

Branches:
Dungeon (3/16)

Altars:
Vehumet


Innate Abilities, Weirdness & Mutations

Your plain brown scales are hard (AC +5).*
Your body does not fit into most forms of armour.
Your cold-blooded metabolism reacts poorly to cold.
You have claws for feet.*


Message History

You hit the ice beast but do no damage. The ice beast barely misses you.
You hit the ice beast but do no damage. You claw the ice beast.
The ice beast is lightly wounded.
The ice beast hits you. The ice beast freezes you!
You feel yourself slow down.
You hit the ice beast but do no damage. You claw the ice beast.
The ice beast is lightly wounded.
Your transformation is almost over.
The ice beast hits you but does no damage.
You barely miss the ice beast.
The ice beast is lightly wounded.
You feel yourself speed up. The ice beast misses you.
You hit the ice beast.
The ice beast is lightly wounded.
The ice beast hits you but does no damage.
You hit the ice beast.
You punch the ice beast, but do no damage.
The ice beast is moderately wounded.
The ice beast hits you. The ice beast freezes you!
You die...

#........ #.####### #####
#.# ## ...... #.# #.
....... #.# #. ....... #.#
#. ....... #.# #.
........###########.#######
.........I@................
........################...
....... #.## ....... #.#
....... #.## ###### #.#.
#.#. #.#. #.#.


You could see an ice beast.

Vanquished Creatures
  An adder (D:3)
  2 worms
  2 giant geckos (D:2)
  An ooze (D:1)
  A giant cockroach (D:1)
  11 hobgoblins
  2 kobolds (D:1)
  3 bats
  2 giant newts
  5 goblins
  4 jackals
  6 rats
40 creatures vanquished.

Vanquished Creatures (others)
  5 toadstools (D:1)
5 creatures vanquished.

Grand Total: 45 creatures vanquished

Notes
Turn   | Place    | Note
--------------------------------------------------------------
     0 | D:1      | Kae, the Draconian Transmuter, began the quest for the Orb.
     0 | D:1      | Reached XP level 1. HP: 16/16 MP: 3/3
   245 | D:1      | Reached XP level 2. HP: 17/23 MP: 4/4
   297 | D:1      | Learned a level 2 spell: Sticks to Snakes
   946 | D:2      | Found a radiant altar of Vehumet.
  1265 | D:2      | Reached XP level 3. HP: 26/28 MP: 4/6
  1685 | D:3      | Learned a level 3 spell: Spider Form
  1728 | D:3      | Reached skill level 4 in Unarmed Combat
  2279 | D:3      | Noticed an ice beast
  2295 | D:3      | Slain by an ice beast

Action                   || total
-------------------------++-------
Melee: Unarmed           ||   199
 Cast: Beastly Appendage ||     5
